 Dungeon Crawl Stone Soup version 0.31.0-1-g2c135a008e (webtiles) character file.

Game seed: 8402704660633621132

1181 qw the Shooter (level 8, -3/58 HPs)
             Began as a Djinni Hunter on Jan 23, 2024.
             Was a Follower of Okawaru.
             Slain by Prince Ribbit (9 damage)
             ... on level 6 of the Dungeon.
             The game lasted 00:00:25 (5444 turns).

qw the Shooter (Djinni Hunter)                      Turns: 5444, Time: 00:00:26

Health: -3/58      AC:  9    Str: 10    XL:     8   Next: 70%
Gold:   274        EV: 16    Int: 10    God:    Okawaru [*.....] SH:  0 Dex: 20

rFire   + + .        a - +1 shortbow
rCold   x . .        (shield currently unavailable)
rNeg    . . .        d - +0 ring mail
rPois   inf          (no helmet)
rElec   .            h - +0 cloak
rCorr   +            k - +0 pair of gloves
SInv    .            (boots unavailable)
Will    .....        (no amulet)
Stlth   +++          g - ring of resist corrosion
HPRegen 0.29/turn    (no ring)
MPRegen 0.00/turn

%: infuse magic (-4 HP)
@: heroic, flying
A: sickness immunity, fire resistance 2, cold vulnerability 1, float, innate
caster, HP casting, extra vitality 1
a: Renounce Religion, Heroism


You were on level 6 of the Dungeon.
You worshipped Okawaru.
Okawaru was aware of your devotion.
You visited 2 branches of the dungeon, and saw 7 of its levels.

You collected 274 gold pieces.


Innate Abilities, Weirdness & Mutations

You are immune to sickness and miasma.
You are immune to poison.
Your flesh is very heat resistant. (rF++)
You are vulnerable to cold. (rC-)
You float through the air rather than walking.
You learn spells naturally, not from books.
Your magical power is your life essence.
You have superior vitality. (+4 MHP)


   Skills:
 + Level 4.3(9.3) Fighting
 - Level 7.0(12.0) Ranged Weapons
 - Level 2.2(7.2) Armour
 - Level 4.3(9.3) Dodging
 - Level 0.7(5.7) Stealth
 + Level 2.5 Invocations


You knew the following spells:

 Your Spells              Type           Power      Damage    Failure   Level
a - Freeze                Ice            0%         1d3       63%         1
b - Momentum Strike       Conj/Tloc      0%         3d8       77%         2
c - Stone Arrow           Conj/Erth      0%         3d7       94%         3
Your spell library was empty.

Inventory:

Hand Weapons
 a - a +1 shortbow (weapon)
Armour
 d - a +0 ring mail (worn)
 h - a +0 cloak (worn)
 k - a +0 pair of gloves (worn)
Jewellery
 g - a ring of resist corrosion (left hand)
Wands
 m - a wand of flame (29)
Scrolls
 b - a scroll of identify
Potions
 f - a potion of ambrosia {unknown}
 i - 2 potions of curing
 l - a potion of haste {unknown}

Dungeon Overview and Level Annotations

Branches:
Dungeon (6/15)             Temple (1/1) D:4

Altars:
Ashenzari
Cheibriados
Dithmenos
Elyvilon
Fedhas
Gozag
Hepliaklqana
Makhleb
Nemelex Xobeh
Okawaru
Qazlal
Ru
Trog
Uskayaw
Xom
Yredelemnul
Zin
The Shining One

Shops:
D:2 :   D:3 [

Annotations:
D:6 Prince Ribbit


Message History

The yak is lightly wounded.
Prince Ribbit blinks!
5434 ||| RETREEEEATING.
Items here: % )))) [.
You shoot an arrow. The arrow hits the yak.
The yak is moderately wounded.
You shoot an arrow. The arrow barely misses the yak.
The yak barely misses you.
You shoot an arrow. The arrow barely misses the yak.
The arrow hits the yak!
The yak is severely wounded.
The yak gores you.
Prince Ribbit blinks!
You shoot an arrow. The arrow barely misses the yak.
The arrow closely misses the yak.
The yak completely misses you.
You shoot an arrow.
The arrow hits the yak but does no damage.
The yak is lightly wounded.
Prince Ribbit hits you but does no damage.
The yak gores you.
You shoot an arrow. The arrow closely misses the yak.
The arrow hits the yak but does no damage.
The yak is severely wounded.
You feel like a meek peon again. Prince Ribbit misses you.
The yak barely misses you. Prince Ribbit hits you!
5441 ||| INVOKING Heroism.
You gain the combat prowess of a mighty hero.
Prince Ribbit hits you but does no damage.
The yak gores you!
You shoot an arrow. The arrow hits the yak!
The yak is heavily wounded.
Prince Ribbit misses you. The yak gores you.
You shoot an arrow. The arrow completely misses the yak.
The arrow hits the yak but does no damage.
The yak is severely wounded.
Prince Ribbit hits you but does no damage.
Prince Ribbit barely misses you. The yak gores you!
You shoot an arrow. The arrow hits the yak.
The yak is heavily wounded.
Prince Ribbit hits you!
You die...

.. # .#.. .# #.# ..#.#.#
#.# #.# .#...# #.# #.#
#F...## #.# #.#####
#.....# ##.#
#.....###.#ยค....# ...#
# #.........#.....# ...#
#.#...#.#####.....#
.<.###.#.##....F@YY..###
.....#.......#######.#
####.###....### #.#
#....##.......# #.#
#.#####.<.....#
#.......Y
#.#####.........
####...##
#.............#. ..#
#######.#####.# .# #.#
... #


You could see Prince Ribbit and 2 yaks.

Vanquished Creatures
  A water moccasin (D:5)
  A black bear (D:5)
  An ogre (D:5)
  A phantom (D:5)
  A gnoll sergeant (D:6)
  3 scorpions
  2 bombardier beetles
  2 hounds (D:5)
  A gnoll bouda (D:4)
  An orc priest (D:5)
  A sleepcap (D:4)
  Jessica (D:3)
  2 orc wizards
  Terence (D:3)
  7 adders
  10 gnolls
  A shadow imp (D:5)
  3 dart slugs
  3 ribbon worms
  11 orcs
  5 endoplasms
  3 giant cockroaches
  12 goblins
  7 hobgoblins
  14 jackals
  2 quokkas
  7 ball pythons
  4 bats
  2 frilled lizards (D:2)
  5 kobolds
  5 rats
120 creatures vanquished.

Notes
Turn   | Place    | Note
-------+----------+-------------------------------------------
     0 | D:1      | qw the Djinni Hunter began the quest for the Orb.
     0 | D:1      | Reached XP level 1. HP: 18/18 MP: 0/0
     0 | D:1      | 0 ||| qw: Version: 0.3-a-135-gb77e89d
     0 | D:1      | 0 ||| qw: Game counter: 922
     0 | D:1      | 0 ||| qw: Melee chars always use a shield: true
     0 | D:1      | 0 ||| qw: God list: Okawaru
     0 | D:1      | 0 ||| qw: Allow faded altars: false
     0 | D:1      | 0 ||| qw: Do Orc after clearing Dungeon:15 true
     0 | D:1      | 0 ||| qw: Do second Lair branch before Depths: true
     0 | D:1      | 0 ||| qw: Lair rune preference: random
     0 | D:1      | 0 ||| qw: Goals: Normal
     0 | D:1      | 0 ||| PLANNING D:1-11
    88 | D:1      | Reached XP level 2. HP: 23/23 MP: 0/0
   396 | D:1      | Reached skill level 4 in Ranged Weapons
   396 | D:1      | Reached XP level 3. HP: 28/28 MP: 0/0
   396 | D:1      | Learned a level 1 spell: Freeze
   480 | D:1      | 480 ||| UPGRADING to +0 pair of gloves.
   485 | D:1      | 485 ||| UPGRADING to ring of resist corrosion.
   486 | D:1      | 486 ||| DROPPING ring of wizardry.
   487 | D:1      | 487 ||| READING scroll labelled JUAR PISHITE.
   488 | D:1      | 488 ||| READING 2 scrolls labelled VUJACO ECLAEP.
   491 | D:1      | 491 ||| READING scroll labelled CIPHAF VENLEO.
   592 | D:1      | 592 ||| DRINKING 2 cyan potions.
   593 | D:1      | 593 ||| DROPPING scroll of butterflies.
   746 | D:2      | Found Lec Qino's Book Shop.
   826 | D:2      | Reached skill level 3 in Fighting
   826 | D:2      | Reached XP level 4. HP: 35/35 MP: 0/0
   896 | D:2      | Found a bloodstained altar of Trog.
  1011 | D:2      | Reached skill level 3 in Dodging
  1284 | D:2      | 1284 ||| UPGRADING to +0 ring mail.
  1294 | D:2      | 1294 ||| DROPPING +0 leather armour.
  1295 | D:2      | 1295 ||| READING scroll labelled WALOHOI YNOMY.
  1296 | D:2      | 1296 ||| DRINKING 2 glowing brown potions.
  1297 | D:2      | 1297 ||| DROPPING potion of magic.
  1365 | D:3      | 1365 ||| DRINKING 2 potions of curing.
  1365 | D:3      | 1365 ||| (to cure confusion)
  1374 | D:3      | Reached skill level 1 in Armour
  1374 | D:3      | Reached XP level 5. HP: 32/40 MP: 0/0
  1374 | D:3      | Learned a level 2 spell: Momentum Strike
  1407 | D:3      | Found a broken altar of Ashenzari.
  1474 | D:3      | Found Gainusap's Armour Shop.
  1496 | D:3      | 1496 ||| SHOPLISTING +9 ring mail "Kaisok" {Str+5 Int+3
                  | Slay+2} (812 gold, have 88).
  1689 | D:3      | Noticed Terence
  1695 | D:3      | Noticed Jessica
  1699 | D:3      | Killed Terence
  1702 | D:3      | Killed Jessica
  2081 | D:3      | 2081 ||| UPGRADING to +0 cloak.
  2086 | D:3      | 2086 ||| READING scroll labelled TOM MOPHUNIELL.
  2087 | D:3      | 2087 ||| DRINKING 2 puce potions.
  2121 | D:4      | 2121 ||| STAIRDANCE
  2138 | D:3      | HP: 10/40 [scorpion (6)]
  2139 | D:3      | 2139 ||| READING 2 scrolls of teleportation.
  2141 | D:3      | Reached skill level 5 in Ranged Weapons
  2141 | D:3      | Reached XP level 6. HP: 13/46 MP: 0/0
  2286 | D:4      | 2286 ||| STAIRDANCE
  2312 | D:3      | HP: 10/46 [hound (5)]
  2313 | D:3      | 2313 ||| READING scroll of teleportation.
  2314 | D:3      | 2314 ||| DRINKING potion of heal wounds.
  2709 | D:4      | Reached XP level 7. HP: 52/52 MP: 0/0
  2709 | D:4      | Learned a level 3 spell: Stone Arrow
  2770 | D:4      | HP: 13/52 [hobgoblin (2)]
  2777 | D:4      | HP: 10/52 [hobgoblin (1)]
  3148 | D:4      | Found a staircase to the Ecumenical Temple.
  3149 | D:4      | 3149 ||| PLANNING TEMPLE
  3149 | D:4      | 3149 ||| READING scroll labelled RUYCRI VIWI.
  3150 | D:4      | 3150 ||| READING scroll labelled CITELU MAUT.
  3251 | D:4      | 3251 ||| READING scroll labelled LOANTINATI.
  3251 | D:4      | 3251 ||| IDENTIFYING murky clear potion
  3252 | D:4      | 3252 ||| READING scroll labelled FEUNEI EKHLIKH.
  3252 | D:4      | 3252 ||| ENCHANTING +0 shortbow.
  3253 | D:4      | 3253 ||| DROPPING potion of invisibility.
  3262 | Temple   | Entered the Ecumenical Temple
  3263 | Temple   | 3263 ||| PLANNING OKAWARU WORSHIP
  3275 | Temple   | Became a worshipper of Warmaster Okawaru
  3276 | Temple   | 3276 ||| PLANNING D:1-11
  3824 | D:5      | Entered Level 5 of the Dungeon
  3825 | D:5      | 3825 ||| STAIRDANCE
  3911 | D:5      | 3911 ||| STAIRDANCE
  3927 | D:5      | 3927 ||| STAIRDANCE
  4133 | D:5      | Reached skill level 6 in Ranged Weapons
  4279 | D:5      | HP: 13/52 [orc/+0 flail (2)]
  4280 | D:5      | 4280 ||| DRINKING potion of heal wounds.
  4398 | D:5      | Reached XP level 8. HP: 17/58 MP: 0/0
  4402 | D:5      | HP: 14/58 [shadow imp (4)]
  4595 | D:5      | 4595 ||| ZAPPING wand of flame (32) at 1,1 (black bear;
                  | floor).
  4596 | D:5      | 4596 ||| ZAPPING wand of flame (31) at 1,1 (black bear;
                  | floor).
  4597 | D:5      | 4597 ||| ZAPPING wand of flame (30) at 1,1 (black bear;
                  | floor).
  4787 | D:5      | Reached * piety under Okawaru
  4870 | D:5      | Reached skill level 1 in Invocations
  5278 | D:5      | 5278 ||| READING 2 scrolls of identify.
  5278 | D:5      | 5278 ||| IDENTIFYING silvery potion
  5279 | D:5      | 5279 ||| READING scroll of identify.
  5279 | D:5      | 5279 ||| IDENTIFYING purple potion
  5280 | D:5      | 5280 ||| READING scroll labelled UDIQUR JOGOG.
  5281 | D:5      | 5281 ||| DROPPING potion of attraction.
  5282 | D:5      | 5282 ||| DROPPING potion of brilliance.
  5347 | D:6      | Reached skill level 7 in Ranged Weapons
  5416 | D:6      | Noticed a yak
  5416 | D:6      | Noticed a yak
  5417 | D:6      | 5417 ||| RETREEEEATING.
  5418 | D:6      | Noticed a yak
  5419 | D:6      | 5419 ||| RETREEEEATING.
  5421 | D:6      | 5421 ||| RETREEEEATING.
  5422 | D:6      | 5422 ||| INVOKING Heroism.
  5424 | D:6      | Noticed Prince Ribbit
  5429 | D:6      | 5429 ||| RETREEEEATING.
  5430 | D:6      | 5430 ||| RETREEEEATING.
  5431 | D:6      | 5431 ||| RETREEEEATING.
  5432 | D:6      | 5432 ||| RETREEEEATING.
  5434 | D:6      | 5434 ||| RETREEEEATING.
  5441 | D:6      | 5441 ||| INVOKING Heroism.
  5443 | D:6      | HP: 6/58 [yak (14)]
  5444 | D:6      | Slain by Prince Ribbit

Levels and vault maps discovered:
D:1:      dpeg_arrival_central, layout_rooms
D:2:      layout_loops_ring, serial_shops, nicolae_shop_just_a_little_nook,
          basic_altar
D:3:      layout_basic, ashenzari_altar_1, serial_shops,
          nicolae_shop_statue_plus, uniq_jessica, uniq_terence
D:4:      layout_basic, minmay_temple_entry_statues_fountains,
          grunt_ministairs_13, roderic_malta_cross,
          ebering_dispersal_statue_hall, minmay_quadrilaterals
D:5:      layout_gridville, hex_medium, nicolae_titane
D:6:      layout_basic, kennysheep_pointless_box, nicolae_the_louvre,
          uniq_prince_ribbit1
Temple:   regret_index_temple_sphere_string

Skill      XL: |  1  2  3  4  5  6  7  8 |
---------------+-------------------------+-----
Ranged Weapons | 4 5 6 7 |  7.0
Fighting       | 3 4 |  4.3
Dodging        | 3 4 |  4.3
Armour         | 1 2 |  2.2
Invocations    | 2 |  2.5
Stealth        | |  0.7

Action                     |  1- 3 |  4- 6 |  7- 9 || total
---------------------------+-------+-------+-------++-------
   Fire: Shortbow          |    77 |   219 |   273 ||   569
 Invoke: Heroism           |       |       |     2 ||     2
  Evoke: Wand              |       |       |     3 ||     3
    Use: Scroll            |     3 |     4 |     7 ||    14
         Potion            |     1 |     4 |     1 ||     6
 Armour: Leather armour    |     8 |    11 |       ||    19
         Ring mail         |       |    94 |   193 ||   287
  Dodge: Dodged            |     8 |    84 |   156 ||   248

Table legend:
 A = Non-vault XP
 B = Vault XP
 C = Vault XP percentage of total XP
 D = Non-vault monster count
 E = Vault monster count
 F = Vault count percentage of total count
                 A         B        C        D         E       F
            +---------+---------+-------+---------+---------+-------
      Total |    1601 |      87 |   5.2 |     111 |       9 |   7.5
            +---------+---------+-------+---------+---------+-------
        D:1 |      30 |       0 |   0.0 |      18 |       0 |   0.0
        D:2 |      82 |       0 |   0.0 |      26 |       0 |   0.0
        D:3 |     170 |      69 |  28.9 |      19 |       2 |   9.5
        D:4 |     332 |      18 |   5.1 |      22 |       7 |  24.1
        D:5 |     808 |       0 |   0.0 |      21 |       0 |   0.0
        D:6 |     179 |       0 |   0.0 |       5 |       0 |   0.0
            +---------+---------+-------+---------+---------+-------
